 Dungeon Crawl Stone Soup version 0.16.1-11-g651b585 (webtiles) character file.

2233 hulla the Nimble (level 9, -3/55 HPs)
             Began as an Octopode Transmuter on Apr 1, 2015.
             Was an Initiate of Makhleb.
             Killed by an exploding giant spore (41 damage)
             ... set off by themself
             ... on level 8 of the Dungeon.
             The game lasted 01:29:37 (12107 turns).

hulla the Nimble (Octopode Transmuter)             Turns: 12107, Time: 01:29:37

Health: -3/55      AC:  1    Str:  9    XL:     9   Next: 36%
Magic:  14/14      EV: 17    Int: 19    God:    Makhleb [......]
Gold:   348        SH:  0    Dex: 15    Spells: 3 memorised, 6 levels left

rFire  . . .     SeeInvis +     q - +0 hunting sling
rCold  . . .     Clarity  +     (no shield)
rNeg   . . .     SustAb   .     (helmet restricted)
rPois  +         Gourm    .     k - amulet of clarity
rElec  .         Spirit   .     v - +3 ring of dexterity
rCorr  .         Warding  .     D - ring of poison resistance
rMut   .         Stasis   .     T - ring of see invisible
MR     .....                    (no ring)
Stlth  ++........               (no ring)
                                (no ring)
                                (no ring)
                                (no ring)

@: not resistant to hostile enchantments, unstealthy
A: almost no armour, amphibious, 8 rings, constrict 8, camouflage 1, gelatinous
body 1
a: Renounce Religion


You were on level 8 of the Dungeon.
You worshipped Makhleb.
Makhleb was noncommittal.
You were very hungry.

You visited 2 branches of the dungeon, and saw 9 of its levels.

You collected 348 gold pieces.

Inventory:

Hand weapons
 e - a +2 dagger of venom
 q - a +0 hunting sling (weapon)
 F - a cursed -2 spear
 G - a +2 dagger of draining
Missiles
 b - 101 arrows
 f - 35 poisoned needles
 i - 115 stones
 s - 51 sling bullets (quivered)
 H - 12 poisoned arrows
 R - 16 arrows of frost
Armour
 l - a +0 shadow dragon armour
 Q - a +0 shield
Magical staves
 M - an uncursed staff of air
Jewellery
 k - an amulet of clarity (around mantle)
 o - an uncursed ring of protection from cold
 p - an uncursed amulet of resist mutation
 v - a +3 ring of dexterity (left tentacle)
 D - a ring of poison resistance (right tentacle)
 T - a ring of see invisible (on tentacle)
Magical devices
 t - a wand of slowing (19)
 y - a wand of digging (24)
Scrolls
 m - a scroll of enchant armour
 r - 2 scrolls of teleportation
 A - a scroll of amnesia
 S - 2 scrolls of identify
Potions
 c - a potion of restore abilities {unknown}
 n - 2 potions of haste
 x - 2 potions of brilliance {unknown}
 z - a potion of might {unknown}
 E - 2 potions of heal wounds {unknown}
 K - a potion of lignification {unknown}
 L - 2 potions of poison {unknown}
Books
 d - a book of Changes

   Spells                             Type                      Level
   a - Beastly Appendage              Transmutation                1
   b - Sticks to Snakes               Transmutation                2
   c - Spider Form                    Transmutation/Poison         3
   d - Ice Form                       Ice/Transmutation            4
   e - Blade Hands                    Transmutation                5
 N - a book of Callings

   Spells                             Type                      Level
   a - Summon Small Mammal            Summoning                    1
   b - Call Imp                       Summoning                    2
   c - Call Canine Familiar           Summoning                    3
   d - Summon Guardian Golem          Hexes/Summoning              4
   e - Summon Lightning Spire         Summoning/Air                4
   f - Summon Ice Beast               Ice/Summoning                4
 W - a book of the Earth

   Spells                             Type                      Level
   a - Leda's Liquefaction            Hexes/Earth                  4
   b - Bolt of Magma                  Conjuration/Fire/Earth       5
   c - Statue Form                    Transmutation/Earth          6
   d - Iron Shot                      Conjuration/Earth            6
   e - Shatter                        Earth                        9
Miscellaneous
 w - a plain deck of summoning
Comestibles
 a - 4 bread rations
 g - a royal jelly
 h - a slice of pizza
 j - 7 meat rations
 u - 2 fruits
 U - a beef jerky


   Skills:
 + Level 2.8 Fighting
 - Level 8.0 Dodging
 - Level 3.1 Unarmed Combat
 - Level 2.0 Spellcasting
 - Level 5.0 Summonings
 - Level 6.5 Transmutations
 - Level 4.0 Poison Magic


You had 6 spell levels left.
You knew the following spells:

 Your Spells              Type           Power        Failure   Level  Hunger
a - Beastly Appendage     Trmt           ####..       1%          1    #......
b - Spider Form           Trmt/Pois      ###.......   8%          3    ###....
d - Call Imp              Summ           ###.....     3%          2    ###....


Dungeon Overview and Level Annotations

Branches:
Dungeon (8/15)             Temple (1/1) D:4
   Lair: D:8-11

Altars:
Ashenzari
Cheibriados
Elyvilon
Fedhas
Gozag
Makhleb
Nemelex Xobeh
Okawaru
Qazlal
Ru
Sif Muna
Vehumet
Xom
Zin
The Shining One


Innate Abilities, Weirdness & Mutations

You cannot wear most types of armour.
You are amphibious.
You can wear up to eight rings at the same time.
You can use your tentacles to constrict many enemies at once.
Your skin changes colour to match your surroundings (Stealth).
Your rubbery body absorbs attacks (AC +1).


Message History

Makhleb accepts your kill.
Your transformation has ended.
You see here 10 poisoned needles.
f - 35 poisoned needles (gained 10)
Your crimson imp blinks!
You start resting.
Your crimson imp blinks!
Magic restored.
You start resting.
Wield which item (- for none, * to show all)? (? for menu, Esc to quit)
q - a +0 hunting sling (weapon)
Firing (i - inventory. (,) - cycle):
s - 51 sling bullets (quivered)
Press: ? - help, Shift-Dir - straight line, f - giant spore
Aim: a giant spore You shoot a sling bullet.
The sling bullet hits the giant spore.
The giant spore explodes!
A fungus suddenly grows.
The explosion of spores engulfs you!
You feel momentarily confused.
Ouch! That really hurt!
You die...

##(#### ##..<.## ###
##....## #.##..#
..###..##..###.#####
#.....(##.?........#
...###)#...###....##
##.................#
#(.########..###...#
..## ##.###5..# ###
#...5@### ###...P#
#....# #........
#....###.. ##..##
####


You could see 2 friendly crimson imps.

Vanquished Creatures
  Menkaure (D:6)
  2 orc warriors
  A sky beast (D:7)
  An ice beast (D:7)
  A centaur (D:5)
  2 ogres (D:4)
  A giant frog (D:6)
  2 scorpions (D:5)
  A centaur zombie (D:8)
  A crimson imp (D:6)
  5 orc wizards
  An iguana (D:4)
  2 hounds (D:6)
  7 orc priests
  A centaur skeleton (D:8)
  10 worker ants
  Jessica (D:5)
  A worker ant zombie (D:6)
  Robin (D:3)
  13 adders
  4 gnolls
  2 shadow imps
  6 giant mites
  10 giant geckos
  25 orcs
  17 bats
  A bat skeleton (D:8)
  5 giant cockroaches
  19 goblins
  19 hobgoblins
  2 oozes
  A quokka (D:5)
  A giant gecko skeleton (D:4)
  3 giant newts
  5 jackals (D:5)
  22 kobolds
  11 rats
208 creatures vanquished.

Vanquished Creatures (collateral kills)
  The ghost of hulla the Changer, an experienced OpTm (D:4)
1 creature vanquished.

Vanquished Creatures (others)
  A crimson imp (D:7)
  An iron imp (D:7)
  2 white imps (D:7)
  A shadow imp (D:7)
  A hobgoblin (D:2)
  A giant newt (D:2)
  A rat (D:2)
8 creatures vanquished.

Grand Total: 217 creatures vanquished

Notes
Turn   | Place    | Note
--------------------------------------------------------------
     0 | D:1      | hulla, the Octopode Transmuter, began the quest for the Orb.
     0 | D:1      | Reached XP level 1. HP: 13/13 MP: 3/3
   337 | D:1      | Reached XP level 2. HP: 16/18 MP: 4/4
  1036 | D:1      | Reached XP level 3. HP: 23/23 MP: 6/6
  1041 | D:1      | Learned a level 3 spell: Spider Form
  1044 | D:1      | Learned a level 2 spell: Sticks to Snakes
  1159 | D:2      | Reached skill level 1 in Poison Magic
  1349 | D:2      | Found a stormy altar of Qazlal.
  2116 | D:2      | Reached XP level 4. HP: 9/28 MP: 7/7
  3016 | D:3      | Found a sparkling altar of Nemelex Xobeh.
  3228 | D:3      | Noticed Robin
  3259 | D:3      | Reached skill level 4 in Poison Magic
  3312 | D:3      | Killed Robin
  3312 | D:3      | Reached XP level 5. HP: 18/33 MP: 5/9
  3894 | D:3      | Found a snail-covered altar of Cheibriados.
  4197 | D:4      | Reached XP level 6. HP: 6/38 MP: 6/10
  4435 | D:4      | Found a staircase to the Ecumenical Temple.
  4451 | Temple   | Entered the Ecumenical Temple
  4800 | D:4      | Noticed an ogre
  4810 | D:4      | Killed an ogre
  5023 | D:4      | Reached skill level 5 in Transmutations
  5141 | D:4      | Reached XP level 7. HP: 13/43 MP: 9/12
  5818 | D:4      | Noticed an ogre
  5828 | D:4      | Killed an ogre
  6104 | D:4      | Noticed hulla's ghost (experienced OpTm)
  6643 | D:4      | Reached skill level 5 in Dodging
  6670 | D:5      | Entered Level 5 of the Dungeon
  6801 | D:5      | Reached skill level 6 in Transmutations
  6952 | D:5      | HP: 2/43 [centaur/poisoned arrow (12)]
  7250 | D:5      | Reached XP level 8. HP: 21/48 MP: 10/13
  7660 | D:5      | Noticed Jessica
  7666 | D:5      | Killed Jessica
  7672 | D:5      | Found a deep blue altar of Sif Muna.
  7789 | D:5      | Learned a level 2 spell: Call Imp
  7837 | D:5      | Found a shimmering altar of Xom.
  7901 | D:6      | Noticed Menkaure
  7916 | D:6      | Killed Menkaure
  7916 | D:6      | Reached skill level 1 in Summonings
  8189 | D:6      | Found an iron altar of Okawaru.
  9644 | D:7      | Reached skill level 7 in Dodging
 10214 | D:7      | Reached XP level 9. HP: 49/53 MP: 3/14
 10653 | D:4      | Killed hulla's ghost
 10668 | D:4      | Found a burning altar of Makhleb.
 10676 | D:4      | Became a worshipper of Makhleb the Destroyer
 11831 | D:7      | Reached skill level 5 in Summonings
 11935 | D:8      | Reached skill level 8 in Dodging
 11940 | D:8      | Found a white marble altar of Elyvilon.
 12107 | D:8      | Killed by an exploding giant spore... set off by themself

Action                   |  1- 3 |  4- 6 |  7- 9 || total
-------------------------+-------+-------+-------++-------
Melee: Unarmed           |   103 |   125 |   391 ||   619
 Fire: Hunting sling     |    15 |    42 |    64 ||   121
Throw: Stone             |     6 |       |     9 ||    15
 Cast: Beastly Appendage |    11 |    12 |     9 ||    32
       Spider Form       |       |    12 |    40 ||    52
       Call Imp          |       |       |    17 ||    17
 Abil: End Transformatio |       |     1 |     3 ||     4
  Use: Scroll            |     3 |     3 |    15 ||    21
       Potion            |       |     2 |     1 ||     3
 Stab: Sleeping          |     2 |     2 |     1 ||     5
       Distracted        |       |       |     1 ||     1
  Eat: Chunk             |     3 |    12 |    26 ||    41
       Pizza             |       |       |     1 ||     1
